 Dungeon Crawl Stone Soup version 0.26.0-90-g5fd8617961 (webtiles) character file.

Game seed: 18136673698781023057

16 Qrupt the Firebug (level 2, 0/23 HPs)
             Began as a Gnoll Wanderer on Feb 2, 2021.
             Slain by a hobgoblin
             ... wielding a +0 club
              (4 damage)
             ... on level 1 of the Dungeon.
             The game lasted 00:01:09 (650 turns).

Qrupt the Firebug (Gnoll Wanderer)                   Turns: 650, Time: 00:01:10

Health: 0/23       AC:  2    Str: 15    XL:     2   Next: 58%
Magic:  2/2        EV: 11    Int: 16    God:
Gold:   28         SH:  0    Dex: 11    Spells: 1/1 levels left

rFire    . . .     SeeInvis .   f - +0 spear (curse)
rCold    . . .     Faith    .   (no shield)
rNeg     . . .     Spirit   .   e - +0 robe
rPois    .         Reflect  .   (no helmet)
rElec    .         Harm     .   (no cloak)
rCorr    .         Rampage  .   (no gloves)
Will     .....                  (no boots)
Stlth    ++........             (no amulet)
HPRegen  0.07/turn              (no ring)
MPRegen  0.08/turn              (no ring)

@: hasted, very quick
A: distributed training, fangs 1, strong nose
a: no special abilities


You were on level 1 of the Dungeon.
You visited 1 branch of the dungeon, and saw 1 of its levels.

You collected 28 gold pieces.

Inventory:

Hand Weapons
 a - a +2 dagger
 c - a +0 hand axe
 f - a cursed +0 spear (weapon)
Armour
 e - a +0 robe (worn)
Jewellery
 g - a cursed amulet of inaccuracy {unknown}
Scrolls
 d - 2 scrolls of teleportation
 h - a scroll of blinking {unknown}
 j - a scroll of identify {unknown}
Potions
 b - a potion of heal wounds


   Skills:
 + Level 2.5 Fighting
 + Level 0.4 Short Blades
 + Level 0.4 Long Blades
 + Level 2.5 Axes
 + Level 0.4 Maces & Flails
 + Level 0.4 Polearms
 + Level 0.4 Staves
 + Level 0.4 Slings
 + Level 0.4 Bows
 + Level 0.4 Crossbows
 + Level 2.5 Throwing
 + Level 2.5 Armour
 + Level 0.4 Dodging
 + Level 2.2 Stealth
 + Level 0.4 Shields
 + Level 0.4 Unarmed Combat
 + Level 0.4 Spellcasting
 + Level 0.2 Conjurations
 + Level 0.2 Hexes
 + Level 0.2 Summonings
 + Level 0.2 Necromancy
 + Level 0.2 Translocations
 + Level 0.2 Transmutations
 + Level 7.0 Fire Magic
 + Level 2.0 Ice Magic
 + Level 0.2 Air Magic
 + Level 0.2 Earth Magic
 + Level 0.2 Poison Magic
 + Level 0.5 Invocations
 + Level 0.4 Evocations


You had one spell level left.
You didn't know any spells.
Your spell library was empty.

Dungeon Overview and Level Annotations

Branches:
Dungeon (1/15)

Altars:


Innate Abilities, Weirdness & Mutations

Your experience applies equally to all skills.
You have very sharp teeth.
Your uncanny sense of smell can sniff out nearby items.


Message History

You hit the hobgoblin but do no damage. You barely miss the hobgoblin.
The hobgoblin closely misses you.
You hit the hobgoblin.
The hobgoblin is heavily wounded.
The hobgoblin hits you with a +0 club.
* * * LOW HITPOINT WARNING * * *
You closely miss the hobgoblin.
You bite the hobgoblin, but do no damage.
The hobgoblin is heavily wounded.
You hit the hobgoblin.
You bite the hobgoblin, but do no damage.
The hobgoblin is almost dead.
The hobgoblin hits you with a +0 club.
* * * LOW HITPOINT WARNING * * *
You closely miss the hobgoblin.
The hobgoblin is almost dead.
You barely miss the hobgoblin.
The hobgoblin is almost dead.
The hobgoblin hits you with a +0 club.
You die...

##. #.## #.# #.
#)# #.## #.# ##.#.
#.#
#..#.########.#
#.............#
#.##.....####.####
#...S.##.ggg@.#
∆#....######
#...#### #... #...
#..(. #..#..
#.###. g. #.


You could see 2 hobgoblins and a goblin.

Vanquished Creatures
  A ball python (D:1)
  2 giant cockroaches (D:1)
  2 goblins (D:1)
  3 hobgoblins (D:1)
  2 bats (D:1)
  2 frilled lizards (D:1)
  2 kobolds (D:1)
  2 rats (D:1)
16 creatures vanquished.

Notes
Turn   | Place    | Note
-------+----------+-------------------------------------------
     0 | D:1      | Qrupt the Gnoll Wanderer began the quest for the Orb.
     0 | D:1      | Qrupt set off with the following items: a +2 dagger, a
                  | potion of heal wounds, a +0 hand axe, a scroll of
                  | teleportation, a +0 robe
     0 | D:1      | Reached XP level 1. HP: 17/17 MP: 1/1
   280 | D:1      | Reached XP level 2. HP: 20/23 MP: 2/2
   650 | D:1      | Slain by a hobgoblin

Illustrated notes

Levels and vault maps discovered:
D:1:      dpeg_arrival_ternary, layout_rooms, minivault_27, st_stairs_11

Skill      XL: |  1 |
---------------+----+-----
Ice Magic      | 2 |  2.0
Fighting       | |  2.5
Short Blades   | |  0.4
Long Blades    | |  0.4
Axes           | |  2.5
Maces & Flails | |  0.4
Polearms       | |  0.4
Staves         | |  0.4
Slings         | |  0.4
Bows           | |  0.4
Crossbows      | |  0.4
Throwing       | |  2.5
Armour         | |  2.5
Dodging        | |  0.4
Stealth        | |  2.2
Shields        | |  0.4
Unarmed Combat | |  0.4
Spellcasting   | |  0.4
Conjurations   | |  0.2
Hexes          | |  0.2
Summonings     | |  0.2
Necromancy     | |  0.2
Translocations | |  0.2
Transmutations | |  0.2
Fire Magic     | |  7.0
Air Magic      | |  0.2
Earth Magic    | |  0.2
Poison Magic   | |  0.2
Invocations    | |  0.5
Evocations     | |  0.4

Action                   || total
-------------------------++-------
Melee: Spear             ||    74
       Bite              ||     5
  Use: Potion            ||     1
 Stab: Sleeping          ||     1
Armor: Robe              ||    12
Dodge: Dodged            ||    23
